 Dungeon Crawl Stone Soup version 0.27-a0-334-g52645efa06 (webtiles) character file.

Game seed: 8897342380210962979

1061 inc the Ducker (level 8, -3/37 HPs)
             Began as a Felid Transmuter on Feb 13, 2021.
             Was a Follower of Ru.
             Slain by an orc warrior
             ... wielding a +0 hand axe
              (20 damage)
             ... on level 6 of the Dungeon.
             The game lasted 00:12:48 (8747 turns).

inc the Ducker (Felid Transmuter)                   Turns: 8747, Time: 00:12:49

Health: -3/37      AC:  3    Str:  8    XL:     8   Next: 6%
Magic:  12/12      EV: 28    Int: 20    God:    Ru [*.....]
Gold:   355        SH:  4    Dex: 19    Spells: 8/11 levels left
                                        Lives:  0   Deaths: 2

rFire    . . .     SeeInvis +     - Unarmed
rCold    + . .     Faith    .   (shield unavailable)
rNeg     . . .     Spirit   .   (armour unavailable)
rPois    .         Reflect  .   (helmet unavailable)
rElec    .         Harm     .   (cloak unavailable)
rCorr    .         Rampage  .   (gloves unavailable)
Will     ++...                  (boots unavailable)
Stlth    ++........             b - amulet of magic regeneration
HPRegen  0.12/turn              c - +6 ring of intelligence
MPRegen  0.38/turn              l - +4 ring of evasion

@: no potions, quick
A: very small, no armour, no weapons or thrown items, stealth, claws 1, fangs 3,
horns 1, large bone plates 1, see invisible, speed 1, strong-willed 1, shaggy
fur 3, strong 1, evolution 1, no potion heal 1, inability to drink while
threatened, sharp paws
a: Renounce Religion


You were on level 6 of the Dungeon.
You worshipped Ru.
Ru was aware of your devotion.
You visited 2 branches of the dungeon, and saw 8 of its levels.

You collected 355 gold pieces.

Inventory:

Jewellery
 b - an amulet of magic regeneration (around neck)
 c - a +6 ring of intelligence (left paw)
 l - a +4 ring of evasion (right paw)
 n - a ring of see invisible
Wands
 o - a wand of iceblast (11)
 q - a wand of digging (4)
Scrolls
 a - 2 scrolls of magic mapping
 e - a scroll of amnesia {unknown}
 f - 3 scrolls of identify {unknown}
 g - a scroll of noise {unknown}
 i - a scroll of teleportation {unknown}
 j - 2 scrolls of enchant armour
 u - a scroll of summoning {unknown}
 w - a scroll of fog {unknown}
Potions
 d - 2 potions of cancellation {unknown}
 h - 2 potions of brilliance
 k - a potion of curing {unknown}
 m - a potion of lignification
 p - a potion of resistance
 r - 3 potions of mutation
 s - a potion of haste {unknown}
 t - a potion of might
 v - a potion of attraction {unknown}


   Skills:
 - Level 5.5 Fighting
 - Level 7.8 Dodging
 - Level 5.0 Unarmed Combat
 - Level 2.0 Spellcasting
 + Level 5.4 Transmutations
 - Level 4.9 Evocations


You had 8 spell levels left.
You knew the following spells:

 Your Spells              Type           Power        Failure   Level
b - Wereblood             Tmut           23%          2%          2
h - Beastly Appendage     Tmut           46%          1%          1

Your spell library contained the following spells:

 Spells                   Type           Power        Failure   Level
 Animate Skeleton         Necr           4%           16%         1
 Apportation              Tloc           4%           16%         1
 Corona                   Hex            2%           16%         1
 Freeze                   Ice            8%           16%         1
 Summon Small Mammal      Summ           8%           16%         1
 Spider Form              Tmut/Pois      6%           16%         3
 Confusing Touch          Hex            2%           43%         3
 Frozen Ramparts          Ice            4%           43%         3
 Gell's Gravitas          Tloc           1%           43%         3
 Ozocubu's Armour         Ice            2%           43%         3
 Blade Hands              Tmut           11%          43%         5
 Ice Form                 Ice/Tmut       12%          45%         4
 Petrify                  Tmut/Erth      12%          45%         4
 Yara's Violent Unravell  Hex/Tmut       6%           82%         5
 Hailstorm                Conj/Ice       2%           83%         4
 Summon Ice Beast         Ice/Summ       2%           83%         4
 Metabolic Englaciation   Hex/Ice        1%           99%         5


Dungeon Overview and Level Annotations

Branches:
Dungeon (7/15)             Temple (1/1) D:4

Altars:
Ashenzari
Cheibriados
Elyvilon
Fedhas
Gozag
Hepliaklqana
Kikubaaqudgha
Makhleb
Nemelex Xobeh
Okawaru
Qazlal
Ru
Sif Muna
Trog
Vehumet
Wu Jian
Xom
Yredelemnul
Zin
The Shining One

Annotations:
D:5 Ijyb
D:6 Edmund


Innate Abilities, Weirdness & Mutations

You cannot wear armour.
You are incapable of wielding weapons or throwing items.
Your paws allow you to move quietly. (Stealth)
You have sharp claws.
You have razor-sharp teeth.
You have supernaturally acute eyesight. (SInv)
You cover ground quickly.
Your thick and shaggy fur keeps you warm. (AC +3, rC+)
You cannot drink potions while threatened.
Your sharp claws are effective at attacking unaware monsters.
You have a pair of small horns on your head.
You are partially covered in large bone plates. (SH +4)
You are strong-willed. (Will+)
Your muscles are strong. (Str +2)
You evolve.
Potions are less effective at restoring your health.


Message History

You block the orc warrior's attack. The orc closely misses you.
You scratch the orc.
You kill the orc!
The orc warrior hits you with a +0 hand axe!
You claw the orc!
You kill the orc!
The orc warrior completely misses you.
You closely miss the orc wizard.
The orc wizard gestures at itself while chanting.
The orc wizard flickers and vanishes for a moment.
The orc warrior completely misses you.
You claw the orc wizard!
The orc wizard is severely wounded.
The orc wizard hits you with a +0 dagger.
You feel threatened and lose the ability to drink potions!
The orc warrior misses you.
Unknown command.
You scratch the orc wizard.
You kill the orc wizard!
You scratch the orc warrior but do no damage.
Your bite misses the orc warrior.
The orc warrior hits you with a +0 hand axe.
You scratch the orc warrior.
The orc warrior is lightly wounded.
The orc warrior misses you.
You scratch the orc warrior. You headbutt the orc warrior.
You bite the orc warrior, but do no damage.
The orc warrior is moderately wounded.
The orc warrior barely misses you.
You scratch the orc warrior but do no damage.
You headbutt the orc warrior. You bite the orc warrior.
The orc warrior is heavily wounded.
You can drink potions again.
The orc warrior completely misses you.
You scratch the orc warrior but do no damage.
The orc warrior is heavily wounded.
The orc warrior hits you with a +0 hand axe!!
You feel threatened and lose the ability to drink potions!
Ouch! That really hurt!
You die...

.o.... ........# #....
#...... ...#.#..###....#
###....... #..........
#.......... ##........##
............ #........##
#!.......... #...5.......
....o....!.♣ ##..........
.........O.♣ ♣##...........
..o...o@...♣ ♣@#...........
......o....♣# ♣o)....###....
..........#♣♣.♣♣#....># ...
....O.....##..#.##....#.....
.#
........###................
.. ....##O.#
#.##............. ...
....>...## #..............#
... .........#
##......#..... .##..
.........#####..............
....


You could see an orc warrior.

Vanquished Creatures
  Sigmund (D:5)
  Eustachio (D:6)
  2 ogres
  A wyvern zombie (D:7)
  2 scorpions (D:4)
  3 howler monkeys
  A centaur zombie (D:7)
  A quasit (D:7)
  A bullfrog zombie (D:5)
  4 hounds (D:4)
  2 orc priests (D:3)
  A jelly (D:7)
  3 iguanas
  Terence (D:2)
  5 orc wizards
  6 worker ants
  2 hound skeletons
  7 adders
  A shadow imp (D:6)
  An ufetubus (D:5)
  2 oozes
  2 adder skeletons
  2 worms
  3 dart slugs
  3 leopard geckos
  20 orcs
  7 giant cockroaches
  7 goblins
  3 hobgoblins
  8 jackals
  2 quokkas (D:4)
  2 ball pythons
  A bat (D:1)
  2 frilled lizards (D:1)
  6 kobolds
  8 rats
124 creatures vanquished.

Vanquished Creatures (others)
  An orc wizard (D:5)
1 creature vanquished.

Grand Total: 125 creatures vanquished

Notes
Turn   | Place    | Note
-------+----------+-------------------------------------------
     0 | D:1      | inc the Felid Transmuter began the quest for the Orb.
     0 | D:1      | Reached XP level 1. HP: 9/9 MP: 4/4
   291 | D:1      | Reached XP level 2. HP: 8/12 MP: 4/6
  1193 | D:1      | Reached XP level 3. HP: 15/15 MP: 5/7
  1196 | D:1      | Learned a level 2 spell: Wereblood
  1466 | D:2      | Noticed Terence
  2052 | D:2      | Killed Terence
  2053 | D:2      | Reached XP level 4. HP: 10/19 MP: 8/8
  2288 | D:2      | Gained mutation: You evolve. [potion of mutation]
  2288 | D:2      | Gained mutation: You are strong-willed. (Will+) [potion of
                  | mutation]
  2288 | D:2      | Gained mutation: Your muscles are strong. (Str +2) [potion
                  | of mutation]
  2449 | D:2      | Gained mutation: You have a pair of small horns on your
                  | head. [evolution]
  3005 | D:3      | Reached XP level 5. HP: 22/22 MP: 9/9
  3005 | D:3      | Found a faded altar of an unknown god.
  3026 | D:3      | Found a snail-covered altar of Cheibriados.
  3202 | D:3      | HP: 1/22 [orc wizard/+0 dagger (2)]
  3671 | D:3      | Reached skill level 5 in Unarmed Combat
  3919 | D:4      | Reached skill level 3 in Dodging
  3919 | D:4      | Gained mutation: You are covered in thick fur. (AC +2)
                  | [Felid growth]
  3919 | D:4      | Reached XP level 6. HP: 25/25 MP: 10/10
  4145 | D:4      | Reached skill level 4 in Dodging
  4152 | D:4      | HP: 2/40 [poisoned by a scorpion]
  4157 | D:4      | HP: 1/40 [poisoned by a scorpion]
  4159 | D:4      | Succumbed to a scorpion's poison
  4160 | D:4      | Reached XP level 5. HP: 0/34 MP: 9/9
  4236 | D:4      | Reached XP level 6. HP: 20/28 MP: 10/10
  4254 | D:4      | Reached skill level 5 in Dodging
  4457 | D:4      | Found an opulent altar of Gozag.
  4472 | D:4      | Found a staircase to the Ecumenical Temple.
  4480 | Temple   | Entered the Ecumenical Temple
  4618 | Temple   | Became a worshipper of Ru the Awakened
  4991 | D:4      | Found an ornate altar of the Wu Jian Council.
  5367 | D:4      | Reached skill level 6 in Dodging
  5367 | D:4      | Reached XP level 7. HP: 17/32 MP: 11/11
  5847 | D:4      | Gained mutation: You are partially covered in large bone
                  | plates. (SH +4) [evolution]
  5879 | D:5      | Entered Level 5 of the Dungeon
  6163 | D:5      | Noticed Sigmund
  6171 | D:5      | Killed Sigmund
  6713 | D:5      | Reached skill level 7 in Dodging
  6719 | D:5      | Reached skill level 5 in Fighting
  6976 | D:5      | Noticed Ijyb
  6976 | D:5      | Noticed a two-headed ogre
  6986 | D:5      | Slain by a two-headed ogre
  6987 | D:5      | Reached XP level 6. HP: -3/30 MP: 7/10
  7223 | D:5      | Gained mutation: Potions are less effective at restoring
                  | your health. [evolution]
  7341 | D:6      | Gained mutation: You cannot drink potions while threatened.
                  | [Ru sacrifice]
  7341 | D:6      | Reached * piety under Ru
  7388 | D:6      | Noticed Eustachio
  7405 | D:6      | Killed Eustachio
  7406 | D:6      | Reached XP level 7. HP: 14/33 MP: 11/11
  7904 | D:6      | Noticed Edmund
  7920 | D:7      | Reached skill level 1 in Evocations
  8254 | D:7      | Gained mutation: Your thick and shaggy fur keeps you warm.
                  | (AC +3, rC+) [evolution]
  8370 | D:7      | Found a bloodstained altar of Trog.
  8655 | D:7      | Reached skill level 5 in Transmutations
  8655 | D:7      | Reached XP level 8. HP: 36/37 MP: 12/12
  8747 | D:6      | Slain by an orc warrior

Illustrated notes

Levels and vault maps discovered:
D:1:      amcnicky_arrival_feature_with_door, layout_loops_ring
D:2:      layout_loops_ring, kennysheep_cross_bottleneck,
          minmay_split_cup_small, uniq_terence
D:3:      layout_rooms, cheibriados_altar_1,
          chequers_ecumenical_altar_simple_redux, wad_floor_pattern_untrapped
D:4:      layout_layer_cave, pdpol_wu_jian_five_deadly_venoms,
          lemuel_round_altar, minmay_temple_entry_crystal_x
D:5:      layout_loops_corners, kennysheep_generic_room_16, uniq_sigmund,
          uniq_ijyb
D:6:      layout_cave_pools, kennysheep_mini_moat, dancing_weapons_uskayaw,
          uniq_edmund, uniq_eustachio
D:7:      layout_loops_ring, marbit_many_paths
Temple:   compressed_dpeg_circular_temple

Skill      XL: |  1  2  3  4  5  6  7 |
---------------+----------------------+-----
Transmutations | 3 4 5 |  5.4
Unarmed Combat | 4 5 |  5.0
Dodging        | 3 6 7 |  7.8
Fighting       | 3 4 5 |  5.5
Evocations     | 4 |  4.9
Spellcasting   | |  2.0

Action                   |  1- 3 |  4- 6 |  7- 9 || total
-------------------------+-------+-------+-------++-------
Melee: Unarmed           |   110 |   226 |   184 ||   520
       Bite              |    10 |    24 |    18 ||    52
       Headbutt          |     5 |    32 |    35 ||    72
       Punch             |     3 |     8 |     2 ||    13
 Cast: Beastly Appendage |     5 |     1 |       ||     6
       Wereblood         |       |     6 |     7 ||    13
Invok: Sacrifice Drink   |       |     1 |       ||     1
  Use: Potion            |       |     8 |       ||     8
       Scroll            |       |     2 |       ||     2
 Stab: Sleeping          |     7 |     5 |     5 ||    17
Armor: Skin              |     4 |     9 |     6 ||    19
Dodge: Dodged            |    64 |   172 |   151 ||   387
Block: Other             |       |     3 |    26 ||    29

Table legend: (Time is in decaauts)
 A = Elapsed time spent in this place.
 B = Non-inter-level travel time spent in this place.
 C = Inter-level travel time spent in this place.
 D = Time resting spent in this place.
 E = Time spent auto-exploring this place.
 F = Levels seen in this place.
 G = Mean time per level.
                   A        B        C        D        E       F      G
               +--------+--------+--------+--------+--------+-----+--------+
         Total |   7768 |   7568 |    200 |   2018 |   4268 |   8 |  971.0 |
       Dungeon |   7629 |   7456 |    173 |   2018 |   4268 |   7 | 1089.9 |
        Temple |    138 |    111 |     27 |      0 |      0 |   1 |  138.0 |
               +--------+--------+--------+--------+--------+-----+--------+

Top non-repeatable levels by time:
     D:4: 1577 daAuts
     D:5: 1457 daAuts
     D:2: 1395 daAuts
     D:1: 1351 daAuts
     D:3: 781 daAuts
     D:7: 641 daAuts
     D:6: 424 daAuts
  Temple: 138 daAuts
